 Dungeon Crawl Stone Soup version 0.18.1-5-g4a78601 (webtiles) character file.

119 dracos369 the Poker (level 5, -10/38 HPs)
             Began as a Merfolk Skald on May 13, 2016.
             Killed by divine providence
             ... invoked by an orc priest
              (16 damage)
             ... on level 3 of the Dungeon.
             The game lasted 00:03:37 (1677 turns).

dracos369 the Poker (Merfolk Skald)                 Turns: 1677, Time: 00:03:37

Health: -10/38     AC:  3    Str: 12    XL:     5   Next: 3%
Magic:  3/8        EV: 11    Int: 11    God:
Gold:   101        SH:  0    Dex: 15    Spells: 3 memorised, 2 levels left

rFire  . . .     SeeInvis .     a - +0 spear
rCold  . . .     Gourm    .     b - +0 leather armour
rNeg   . . .     Faith    .     (no shield)
rPois  .         Spirit   .     (no helmet)
rElec  .         Dismiss  .     (no cloak)
rCorr  .         Reflect  .     (no gloves)
SustAt .         Harm     .     (no boots)
MR     .....                    (no amulet)
Stlth  +.........               (no ring)
                                (no ring)

@: infused, not resistant to hostile enchantments, very unstealthy
A: change form in water, swift swim
a: no special abilities


You were on level 3 of the Dungeon.
You were hungry.

You visited 1 branch of the dungeon, and saw 3 of its levels.

You collected 101 gold pieces.

Inventory:

Hand Weapons
 a - a +0 spear (weapon)
Missiles
 h - 5 tomahawks (quivered)
Armour
 b - a +0 leather armour (worn)
Jewellery
 n - a +3 ring of intelligence {unknown}
Scrolls
 e - 5 scrolls of remove curse {unknown}
 i - a scroll of blinking {unknown}
 k - 4 scrolls of identify {unknown}
 p - 2 scrolls of recharging {unknown}
Potions
 j - a potion of brilliance {unknown}
 l - 2 potions of magic {unknown}
 m - 2 potions of curing {unknown}
 o - a potion of agility {unknown}
Books
 c - a book of Battle

   Spells                             Type                      Level
   a - Infusion                       Charms                       1
   b - Shroud of Golubria             Charms/Translocation         2
   c - Song of Slaying                Charms                       2
   d - Spectral Weapon                Hexes/Charms                 3
   e - Regeneration                   Charms/Necromancy            3
Comestibles
 d - a bread ration
 f - 2 slices of pizza
 g - 2 meat rations


   Skills:
 - Level 2.1 Fighting
 * Level 7.2 Polearms
 - Level 0.6 Armour
 - Level 1.3 Dodging
 - Level 2.0 Spellcasting
 + Level 0.2 Hexes
 + Level 3.3 Charms


You had 2 spell levels left.
You knew the following spells:

 Your Spells              Type           Power        Failure   Level  Hunger
a - Infusion              Chrm           #...         12%         1    ##.....
c - Spectral Weapon       Hex/Chrm       #.......     63%         3    ####...
g - Shroud of Golubria    Chrm/Tloc      #.........   30%         2    ###....


Dungeon Overview and Level Annotations

Branches:
Dungeon (3/15)

Altars:
Gozag


Message History

You hit the orc wizard.
The orc wizard is moderately wounded.
The orc wizard hits you with a dagger. x2
* * * LOW HITPOINT WARNING * * *
The orc shouts!
You hit the orc wizard.
The orc wizard is moderately wounded.
The orc wizard completely misses you. The orc wizard hits you with a dagger.
* * * LOW HITPOINT WARNING * * *
Unknown command.
You hit the orc wizard but do no damage.
The orc wizard is moderately wounded.
The orc wizard hits you with a dagger.
* * * LOW HITPOINT WARNING * * *
The orc wizard completely misses you.
You closely miss the orc wizard.
The orc wizard is moderately wounded.
The orc priest mumbles some strange prayers to Beogh against you.
Beogh smites you!
You die...

.# #).#
###### .#
##...
...... ##
...##..>#.#
#
..#......#
#
#.........
########
###
#.........
........
..#
#oo...oo.#
.#######
#.#
#o#.......
..# # #.#
#@##..o#o#
.##
#.##.###o#
...... ##
#..).....#
.#### #
####.#####
.# # #.# #
## #.# .##
#.# ..##
#####.#
...##
#.....#


You could see an orc priest, 2 orc wizards and an orc.

Vanquished Creatures
  A scorpion (D:3)
  3 adders
  An ooze (D:2)
  A worm (D:2)
  5 giant geckos
  5 bats
  2 giant cockroaches (D:1)
  2 goblins (D:1)
  2 hobgoblins (D:1)
  3 kobolds
  3 giant newts
  6 rats
34 creatures vanquished.

Notes
Turn   | Place    | Note
--------------------------------------------------------------
     0 | D:1      | dracos369 the Merfolk Skald began the quest for the Orb.
     0 | D:1      | Reached XP level 1. HP: 16/16 MP: 3/3
   367 | D:1      | Reached skill level 4 in Polearms
   367 | D:1      | Reached XP level 2. HP: 21/22 MP: 5/5
   911 | D:1      | Reached skill level 5 in Polearms
   911 | D:1      | Reached XP level 3. HP: 21/27 MP: 6/6
  1281 | D:2      | Reached skill level 6 in Polearms
  1340 | D:2      | Reached XP level 4. HP: 33/33 MP: 3/7
  1400 | D:2      | Found an opulent altar of Gozag.
  1586 | D:3      | Reached skill level 7 in Polearms
  1590 | D:3      | Learned a level 2 spell: Shroud of Golubria
  1594 | D:3      | Learned a level 3 spell: Spectral Weapon
  1667 | D:3      | Reached XP level 5. HP: 21/38 MP: 3/8
  1677 | D:3      | Killed from afar by an orc priest

Skill      XL: |  1  2  3  4 |
---------------+-------------+-----
Polearms       | 4 5 6 7 |  7.2
Fighting       | |  2.1
Armour         | |  0.6
Dodging        | |  1.3
Spellcasting   | |  2.0
Hexes          | |  0.2
Charms         | |  3.3

Action                   |  1- 3 |  4- 6 || total
-------------------------+-------+-------++-------
Melee: Spear             |   125 |    31 ||   156
 Cast: Infusion          |     1 |     2 ||     3
 Stab: Sleeping          |     3 |     1 ||     4
  Eat: Chunk             |     1 |     1 ||     2
Armor: Leather armour    |    29 |     3 ||    32
Dodge: Dodged            |    56 |    15 ||    71
